Devils vs Blues

Created - 23 décembre 2020 at 21:37

Goals
1 2 3 OT1 T
Devils 0 2 1 1 4
Blues 1 1 1 0 3
Shots
1 2 3 OT1 T
Devils 9 10 6 3 28
Blues 15 16 13 0 44

1st period

1. Blues , Seth Jones 7 (Jack Eichel 24, Josh Bailey 14) at 19:43

Penalties :
No Penalty

2nd period

2. Devils , Evgeni Malkin 8 (T.J. Oshie 12, Ryan Suter 18) at 10:19
3. Blues , Mikko Rantanen 9 (Jack Eichel 25, Josh Bailey 15) at 18:13
4. Devils , Cale Makar 2 (Mikhail Sergachev 9, Nicklas Backstrom 18) at 18:57

Penalties :
Brian Boyle (NJD) for Holding (Minor) at 4:44

3rd period

5. Blues , Josh Bailey 8 (Johnny Gaudreau 9, Seth Jones 22) at 4:32 (PP)
6. Devils , Tyler Bozak 5 (Zack Smith 6, Ryan Suter 19) at 15:36

Penalties :
Ryan Pulock (STL) for Hooking (Minor) at 0:23, Chris Kreider (NJD) for High sticking (Minor) at 3:20

Overtime #1

7. Devils , Nicklas Backstrom 8 (Evgeni Malkin 16) at 0:43

Penalties :
No Penalty

Goalie Stats

Marc-Andre Fleury (NJD), 41 saves from 44 shots - (0,932), W, 8-11-2, 60:44 minutes
Carter Hart (STL), 24 saves from 28 shots - (0,857), OTL, 15-9-5, 60:44 minutes

Players Stats for Devils

Player Name              G  A  P  +/- PIM S  H  SB GA TA FO     MP     PP MP  PK MP  
------------------------------------------------------------------------------------
Brian Boyle              0  0  0  -2  2   0  2  1  0  0  0/0    15:48   0:00   0:17 
Cale Makar               1  0  1   1  0   1  0  2  0  0  0/0    19:02   0:56   1:08 
Chris Kreider            0  0  0   1  2   2  0  0  0  0  0/3    18:16   1:03   0:55 
Damon Severson           0  0  0   1  0   0  3  0  0  0  0/0    22:11   1:03   2:03 
Evgeni Malkin            1  1  2   3  0   7  1  0  0  0  11/26  24:56   1:03   1:59 
Jordie Benn              0  0  0   1  0   0  0  0  0  0  0/0     4:01   0:00   0:00 
Justin Schultz           0  0  0  -2  0   3  1  0  0  0  0/0    14:46   0:00   0:00 
Mike Hoffman             0  0  0   1  0   5  0  0  0  0  0/1    19:04   0:56   0:00 
Mikhail Sergachev        0  1  1   1  0   0  5  0  0  0  0/0    19:02   0:56   1:08 
Nicklas Backstrom        1  1  2   2  0   4  0  0  0  0  15/29  21:47   0:56   1:59 
Niklas Hjalmarsson       0  0  0  -2  0   0  1  2  0  0  0/0    14:46   0:00   0:00 
Rocco Grimaldi           0  0  0  -2  0   0  0  0  0  0  1/2    15:32   0:00   0:00 
Ryan Suter               0  2  2   3  0   1  0  0  0  0  0/0    26:56   1:03   2:03 
Sam Reinhart             0  0  0  -2  0   2  0  0  0  0  7/25   15:32   0:00   0:00 
T.J. Oshie               0  1  1   1  0   1  3  0  0  0  1/4    18:34   1:03   1:12 
Travis Konecny           0  0  0   1  0   0  4  0  0  0  1/3    19:04   0:56   0:00 
Tyler Bozak              1  0  1   1  0   2  0  0  0  0  0/6     4:51   0:00   0:00 
Zack Smith               0  1  1   1  0   0  2  1  0  0  1/2     4:51   0:00   0:00 

Players Stats for Blues

Player Name              G  A  P  +/- PIM S  H  SB GA TA FO     MP     PP MP  PK MP  
------------------------------------------------------------------------------------
Anthony Mantha           0  0  0  -1  0   3  3  0  0  0  0/0    17:45   0:53   0:33 
Christian Dvorak         0  0  0   0  0   1  1  0  0  0  13/21  18:42   2:18   0:00 
Colin Miller             0  0  0  -1  0   0  0  1  0  0  0/0    14:07   0:00   0:23 
Dougie Hamilton          0  0  0  -1  0   2  0  1  0  0  0/0    23:47   2:18   1:13 
Drake Batherson          0  0  0   0  0   0  0  0  0  0  0/0     0:00   0:00   0:00 
Jack Eichel              0  2  2   0  0   10 2  0  0  0  18/31  20:33   2:18   0:00 
Johnny Gaudreau          0  1  1   0  0   6  0  0  0  0  1/1    17:17   0:53   0:00 
Jordan Staal             0  0  0   0  0   3  4  0  0  0  10/11  21:38   0:00   0:59 
Josh Bailey              1  2  3   0  0   3  1  0  0  0  1/4    19:55   0:53   1:10 
MacKenzie Weegar         0  0  0  -1  0   1  3  2  0  0  0/0    13:45   0:00   0:01 
Martin Necas             0  0  0  -1  0   1  0  0  0  0  1/3    16:19   0:00   0:00 
Michael Chaput           0  0  0   0  0   0  0  0  0  0  0/0     4:31   0:00   0:16 
Mikko Rantanen           1  0  1  -1  0   7  3  0  0  0  2/3    20:31   2:18   0:00 
P.K. Subban              0  0  0   1  0   0  3  2  0  0  0/0    22:03   0:00   1:13 
Ryan Pulock              0  0  0  -1  2   2  1  0  0  0  0/0    22:33   2:18   0:00 
Sean Couturier           0  0  0  -2  0   3  2  0  0  0  18/27  18:40   0:53   0:44 
Seth Jones               1  1  2   0  0   1  0  3  0  0  0/0    23:35   0:53   1:08 
Trevor Lewis             0  0  0   0  0   1  0  0  0  0  0/0     4:31   0:00   0:16 

3 Stars

1 - Evgeni Malkin (NJD)
2 - Nicklas Backstrom (NJD)
3 - Josh Bailey (STL)

Power Play

Devils - 0 on 1 Attempt(s) - 0,00%
Blues - 1 on 2 Attempt(s) - 50,00%

Penalty Kill

Devils - 1 on 2 Attempt(s) - 50,00% - Score 0 goal in Penalty Kill
Blues - 1 on 1 Attempt(s) - 100,00% - Score 0 goal in Penalty Kill

Team Stat

Devils - Hits : 22 - Faceoff Wins : 37 - Blocked Shots : 6 - Penalty Minutes : 4
Blues - Hits : 23 - Faceoff Wins : 64 - Blocked Shots : 9 - Penalty Minutes : 2

Official

Referees : Jake Brenk and Ben O'Quinn
Linesman : Scott Cherrey and Kyle Allen

Game Notes

No Game Note

Finance

Level 1 -- Attendance: 5914 (90,98%) -- Ticket Income 650 540 $
Level 2 -- Attendance: 5000 (100,00%) -- Ticket Income 375 000 $
Level 3 -- Attendance: 3500 (100,00%) -- Ticket Income 192 500 $
Level 4 -- Attendance: 1562 (100,00%) -- Ticket Income 60 918 $
Luxury Box -- Attendance: 1000 (100,00%) -- Ticket Income 199 000 $
Game was played at the Scottrade Center.
Total Attendance: 16976 (96,66%)
Total Ticket Income: 1 477 958 $
Other Income: 724 199 $
Total Income: 2 202 157 $

% Time on Ice - Devils

Lines # - Real PCT - Wanted PCT - Time Play
Normal Forward
1 - 30% - 40% - 16:19
2 - 33% - 30% - 18:08
3 - 28% - 20% - 15:32
4 - 9% - 10% - 4:51
Normal Defense
1 - 35% - 40% - 19:05
2 - 31% - 30% - 16:58
3 - 27% - 20% - 14:46
4 - 7% - 10% - 4:01
PP Forward
1 - 53% - 60% - 1:03
2 - 47% - 40% - 0:56
PP Defense
1 - 53% - 60% - 1:03
2 - 47% - 40% - 0:56
PK Forward
1 - 62% - 60% - 1:59
2 - 38% - 40% - 1:12
PK Defense
1 - 64% - 60% - 2:03
2 - 36% - 40% - 1:08
PK3 Forward
1 - 0% - 60%
2 - 0% - 40%
PK3 Defense
1 - 0% - 60%
2 - 0% - 40%
44 Forward
1 - 0% - 60%
2 - 0% - 40%
44 Defense
1 - 0% - 60%
2 - 0% - 40%
Last Minute Offensive  - 0:00
Last Minute Defensive  - 0:00
Total
Forward - 60:00
Defense - 60:00

% Time on Ice - Blues

Lines # - Real PCT - Wanted PCT - Time Play
Normal Forward
1 - 33% - 33% - 17:52
2 - 30% - 30% - 16:24
3 - 30% - 30% - 16:19
4 - 8% - 7% - 4:15
Normal Defense
1 - 38% - 40% - 20:50
2 - 37% - 40% - 20:16
3 - 25% - 20% - 13:44
4 - 0% - 0% - 0:00
PP Forward
1 - 72% - 60% - 2:18
2 - 28% - 40% - 0:53
PP Defense
1 - 72% - 60% - 2:18
2 - 28% - 40% - 0:53
PK Forward
1 - 87% - 60% - 1:43
2 - 13% - 40% - 0:16
PK Defense
1 - 38% - 60% - 0:45
2 - 62% - 40% - 1:14
PK3 Forward
1 - 0% - 60%
2 - 0% - 40%
PK3 Defense
1 - 0% - 60%
2 - 0% - 40%
44 Forward
1 - 0% - 50%
2 - 0% - 50%
44 Defense
1 - 0% - 50%
2 - 0% - 50%
Last Minute Offensive  - 0:00
Last Minute Defensive  - 0:00
Total
Forward - 60:00
Defense - 60:00

Play-by-Play

1st period


0:01 of 1st period - Evgeni Malkin wins face-off versus Josh Bailey in neutral zone.
0:16 of 1st period - Shot by Evgeni Malkin.
0:16 of 1st period - Stopped by Carter Hart without a rebound.
0:17 of 1st period - Nicklas Backstrom wins face-off versus Christian Dvorak in Blues zone.
0:24 of 1st period - Shot by Travis Konecny.
0:24 of 1st period - Shot Blocked by Dougie Hamilton.
0:26 of 1st period - Shot by Travis Konecny.
0:26 of 1st period - Shot Hit the Post.
0:28 of 1st period - Shot by Mike Hoffman.
0:28 of 1st period - Shot Misses the Net.
0:34 of 1st period - Shot by Mike Hoffman.
0:34 of 1st period - Stopped by Carter Hart with a rebound.
0:58 of 1st period - Off-side.
0:59 of 1st period - Sean Couturier wins face-off versus Sam Reinhart in neutral zone.
1:12 of 1st period - Shot by Justin Schultz.
1:12 of 1st period - Stopped by Carter Hart without a rebound.
1:13 of 1st period - Jack Eichel wins face-off versus Evgeni Malkin in Blues zone.
1:13 of 1st period - Jack Eichel is hit by T.J. Oshie.
1:16 of 1st period - Icing by Seth Jones.
1:17 of 1st period - T.J. Oshie wins face-off versus Jack Eichel in Blues zone.
1:34 of 1st period - Shot by Jack Eichel.
1:34 of 1st period - Stopped by Marc-Andre Fleury with a rebound.
1:36 of 1st period - Shot by Jack Eichel.
1:36 of 1st period - Stopped by Marc-Andre Fleury without a rebound.
1:37 of 1st period - Sean Couturier wins face-off versus Rocco Grimaldi in Devils zone.
1:41 of 1st period - Sean Couturier is hit by Niklas Hjalmarsson and loses puck.
1:48 of 1st period - Shot by Anthony Mantha.
1:48 of 1st period - Stopped by Marc-Andre Fleury without a rebound.
1:49 of 1st period - Jordan Staal wins face-off versus Tyler Bozak in Devils zone.
2:03 of 1st period - Icing by Ryan Suter.
2:04 of 1st period - Sean Couturier wins face-off versus Tyler Bozak in Devils zone.
2:31 of 1st period - Shot by Sean Couturier.
2:31 of 1st period - Shot Misses the Net.
3:06 of 1st period - Shot by Jack Eichel.
3:06 of 1st period - Stopped by Marc-Andre Fleury without a rebound.
3:07 of 1st period - Nicklas Backstrom wins face-off versus Christian Dvorak in Devils zone.
3:22 of 1st period - Shot by Jordan Staal.
3:22 of 1st period - Stopped by Marc-Andre Fleury without a rebound.
3:23 of 1st period - Jack Eichel wins face-off versus Sam Reinhart in Devils zone.
3:24 of 1st period - Shot by Mikko Rantanen.
3:24 of 1st period - Shot Blocked by Brian Boyle.
3:27 of 1st period - Icing by Justin Schultz.
3:28 of 1st period - Sam Reinhart wins face-off versus Jack Eichel in Devils zone.
3:28 of 1st period - Sam Reinhart is hit by Jack Eichel.
3:45 of 1st period - Shot by Jack Eichel.
3:45 of 1st period - Shot Misses the Net.
3:51 of 1st period - Shot by Josh Bailey.
3:51 of 1st period - Shot Misses the Net.
3:53 of 1st period - Shot by Mikko Rantanen.
3:53 of 1st period - Shot Misses the Net.
3:57 of 1st period - Shot by Mikko Rantanen.
3:57 of 1st period - Stopped by Marc-Andre Fleury without a rebound.
3:58 of 1st period - Christian Dvorak wins face-off versus Travis Konecny in Devils zone.
4:02 of 1st period - Johnny Gaudreau is hit by Damon Severson and loses puck.
5:46 of 1st period - Icing by Cale Makar.
5:47 of 1st period - Jack Eichel wins face-off versus Evgeni Malkin in Devils zone.
5:51 of 1st period - Mikko Rantanen is hit by Mikhail Sergachev.
6:14 of 1st period - Shot by Mikko Rantanen.
6:14 of 1st period - Stopped by Marc-Andre Fleury without a rebound.
6:15 of 1st period - Travis Konecny wins face-off versus Sean Couturier in Devils zone.
6:22 of 1st period - Damon Severson is hit by Anthony Mantha and loses puck.
7:40 of 1st period - Shot by Justin Schultz.
7:40 of 1st period - Stopped by Carter Hart without a rebound.
7:41 of 1st period - Jordan Staal wins face-off versus Zack Smith in Blues zone.
8:12 of 1st period - Michael Chaput is hit by Zack Smith and loses puck.
8:26 of 1st period - Icing by Mikhail Sergachev.
8:27 of 1st period - Nicklas Backstrom wins face-off versus Jack Eichel in Devils zone.
8:34 of 1st period - Shot by Jack Eichel.
8:34 of 1st period - Shot Blocked by Cale Makar.
8:36 of 1st period - Shot by Josh Bailey.
8:36 of 1st period - Deflect By Mikko Rantanen.
8:36 of 1st period - Shot Misses the Net.
9:02 of 1st period - Shot by Jack Eichel.
9:02 of 1st period - Shot Misses the Net.
9:20 of 1st period - Sean Couturier is hit by Travis Konecny and loses puck.
9:33 of 1st period - Shot by Sean Couturier.
9:33 of 1st period - Shot Blocked by Niklas Hjalmarsson.
9:43 of 1st period - Icing by MacKenzie Weegar.
9:44 of 1st period - Sean Couturier wins face-off versus Evgeni Malkin in Blues zone.
9:53 of 1st period - Damon Severson is hit by Sean Couturier and loses puck.
10:05 of 1st period - T.J. Oshie is hit by MacKenzie Weegar and loses puck.
10:08 of 1st period - Shot by Damon Severson.
10:08 of 1st period - Shot Misses the Net.
10:21 of 1st period - Evgeni Malkin is hit by MacKenzie Weegar and loses puck.
10:47 of 1st period - Shot by Justin Schultz.
10:47 of 1st period - Stopped by Carter Hart without a rebound.
10:48 of 1st period - Christian Dvorak wins face-off versus Sam Reinhart in Blues zone.
10:57 of 1st period - Rocco Grimaldi is hit by Jordan Staal and loses puck.
12:00 of 1st period - Shot by Jack Eichel.
12:00 of 1st period - Deflect By Mikko Rantanen.
12:00 of 1st period - Stopped by Marc-Andre Fleury without a rebound.
12:01 of 1st period - Jordan Staal wins face-off versus Evgeni Malkin in Devils zone.
12:01 of 1st period - Dougie Hamilton is hit by Damon Severson and loses puck.
12:20 of 1st period - Shot by Jordan Staal.
12:20 of 1st period - Stopped by Marc-Andre Fleury without a rebound.
12:21 of 1st period - Josh Bailey wins face-off versus Tyler Bozak in Devils zone.
12:41 of 1st period - Shot by Evgeni Malkin.
12:41 of 1st period - Stopped by Carter Hart without a rebound.
12:42 of 1st period - Sean Couturier wins face-off versus Nicklas Backstrom in Blues zone.
12:51 of 1st period - Shot by Travis Konecny.
12:51 of 1st period - Shot Misses the Net.
12:53 of 1st period - Shot by Nicklas Backstrom.
12:53 of 1st period - Stopped by Carter Hart without a rebound.
12:54 of 1st period - Jack Eichel wins face-off versus Sam Reinhart in Blues zone.
13:48 of 1st period - Off-side.
13:49 of 1st period - Christian Dvorak wins face-off versus Evgeni Malkin in neutral zone.
14:00 of 1st period - Shot by Chris Kreider.
14:00 of 1st period - Stopped by Carter Hart without a rebound.
14:01 of 1st period - Nicklas Backstrom wins face-off versus Sean Couturier in Blues zone.
14:46 of 1st period - Off-side.
14:47 of 1st period - Christian Dvorak wins face-off versus Evgeni Malkin in neutral zone.
15:00 of 1st period - Shot by Johnny Gaudreau.
15:00 of 1st period - Stopped by Marc-Andre Fleury without a rebound.
15:01 of 1st period - Sam Reinhart wins face-off versus Jack Eichel in Devils zone.
15:14 of 1st period - Shot by Jack Eichel.
15:14 of 1st period - Stopped by Marc-Andre Fleury without a rebound.
15:15 of 1st period - Christian Dvorak wins face-off versus Chris Kreider in Devils zone.
15:36 of 1st period - Chris Kreider is hit by Jordan Staal and loses puck.
15:54 of 1st period - Icing by Ryan Pulock.
15:55 of 1st period - Christian Dvorak wins face-off versus Nicklas Backstrom in Blues zone.
16:01 of 1st period - Off-side.
16:02 of 1st period - Nicklas Backstrom wins face-off versus Jack Eichel in neutral zone.
16:15 of 1st period - Shot by Cale Makar.
16:15 of 1st period - Shot Misses the Net.
17:02 of 1st period - Shot by Evgeni Malkin.
17:02 of 1st period - Deflect By Chris Kreider.
17:02 of 1st period - Stopped by Carter Hart without a rebound.
17:03 of 1st period - Christian Dvorak wins face-off versus Sam Reinhart in Blues zone.
17:35 of 1st period - Shot by Christian Dvorak.
17:35 of 1st period - Stopped by Marc-Andre Fleury without a rebound.
17:36 of 1st period - Sean Couturier wins face-off versus Evgeni Malkin in Devils zone.
18:48 of 1st period - Icing by Jordan Staal.
18:49 of 1st period - Sam Reinhart wins face-off versus Christian Dvorak in Blues zone.
18:49 of 1st period - Sam Reinhart is hit by Ryan Pulock.
19:05 of 1st period - Shot by Sam Reinhart.
19:05 of 1st period - Shot Misses the Net.
19:41 of 1st period - Shot by Jack Eichel.
19:41 of 1st period - Stopped by Marc-Andre Fleury with a rebound.
19:43 of 1st period - Shot by Seth Jones.
19:43 of 1st period - Goal by Seth Jones - Devils : 0 - Blues : 1.
19:44 of 1st period - Jack Eichel wins face-off versus Evgeni Malkin in neutral zone.
19:49 of 1st period - Shot by Mikko Rantanen.
19:49 of 1st period - Stopped by Marc-Andre Fleury without a rebound.
19:50 of 1st period - Evgeni Malkin wins face-off versus Mikko Rantanen in Devils zone.
19:50 of 1st period - Evgeni Malkin is hit by Josh Bailey.
Goals for this period are 0 for Devils vs 1 for Blues.
Shots for this period are 9 for Devils vs 15 for Blues.

2nd period


0:01 of 2nd period - Jack Eichel wins face-off versus Evgeni Malkin in neutral zone.
0:04 of 2nd period - Ryan Suter is hit by Mikko Rantanen and loses puck.
0:23 of 2nd period - Shot by Damon Severson.
0:23 of 2nd period - Shot Misses the Net.
0:25 of 2nd period - Shot by T.J. Oshie.
0:25 of 2nd period - Shot Misses the Net.
0:27 of 2nd period - Shot by Ryan Suter.
0:27 of 2nd period - Shot Misses the Net.
1:15 of 2nd period - Shot by Mike Hoffman.
1:15 of 2nd period - Stopped by Carter Hart without a rebound.
1:16 of 2nd period - Christian Dvorak wins face-off versus Sam Reinhart in Blues zone.
1:33 of 2nd period - Shot by Sam Reinhart.
1:33 of 2nd period - Shot Blocked by MacKenzie Weegar.
1:40 of 2nd period - Icing by Niklas Hjalmarsson.
1:41 of 2nd period - Sean Couturier wins face-off versus Sam Reinhart in Devils zone.
1:42 of 2nd period - Shot by Dougie Hamilton.
1:42 of 2nd period - Stopped by Marc-Andre Fleury without a rebound.
1:43 of 2nd period - Nicklas Backstrom wins face-off versus Sean Couturier in Devils zone.
1:43 of 2nd period - Nicklas Backstrom is hit by Anthony Mantha.
1:46 of 2nd period - Ryan Suter is hit by Sean Couturier and loses puck.
2:09 of 2nd period - Shot by Dougie Hamilton.
2:09 of 2nd period - Stopped by Marc-Andre Fleury without a rebound.
2:10 of 2nd period - Jordan Staal wins face-off versus Chris Kreider in Devils zone.
2:18 of 2nd period - Jordan Staal is hit by Mikhail Sergachev.
2:29 of 2nd period - Evgeni Malkin is hit by P.K. Subban and loses puck.
2:38 of 2nd period - Jordan Staal is hit by T.J. Oshie and loses puck.
3:46 of 2nd period - Shot by Jack Eichel.
3:46 of 2nd period - Stopped by Marc-Andre Fleury without a rebound.
3:47 of 2nd period - Sean Couturier wins face-off versus Sam Reinhart in Devils zone.
4:00 of 2nd period - Shot by Sam Reinhart.
4:00 of 2nd period - Stopped by Carter Hart without a rebound.
4:01 of 2nd period - Jack Eichel wins face-off versus Tyler Bozak in Blues zone.
4:01 of 2nd period - Jack Eichel is hit by Zack Smith.
4:09 of 2nd period - Shot by Mikko Rantanen.
4:09 of 2nd period - Stopped by Marc-Andre Fleury without a rebound.
4:10 of 2nd period - Sean Couturier wins face-off versus Sam Reinhart in Devils zone.
4:41 of 2nd period - Shot by Justin Schultz.
4:41 of 2nd period - Shot Blocked by Colin Miller.
4:44 of 2nd period - Minor Penalty to Brian Boyle for Holding.
4:45 of 2nd period - Jack Eichel wins face-off versus Nicklas Backstrom in Devils zone.
4:54 of 2nd period - Shot by Ryan Pulock.
4:54 of 2nd period - Stopped by Marc-Andre Fleury without a rebound.
4:55 of 2nd period - Evgeni Malkin wins face-off versus Jack Eichel in Devils zone.
4:55 of 2nd period - Evgeni Malkin is hit by Jack Eichel.
5:19 of 2nd period - Shot by Jack Eichel.
5:19 of 2nd period - Stopped by Marc-Andre Fleury without a rebound.
5:20 of 2nd period - Sean Couturier wins face-off versus Evgeni Malkin in Devils zone.
5:47 of 2nd period - Shot by Anthony Mantha.
5:47 of 2nd period - Stopped by Marc-Andre Fleury without a rebound.
5:48 of 2nd period - Jack Eichel wins face-off versus T.J. Oshie in Devils zone.
6:17 of 2nd period - Shot by Jack Eichel.
6:17 of 2nd period - Shot Misses the Net.
6:50 of 2nd period - Shot by Jordan Staal.
6:50 of 2nd period - Stopped by Marc-Andre Fleury with a rebound.
6:52 of 2nd period - Shot by Colin Miller.
6:52 of 2nd period - Shot Misses the Net.
6:54 of 2nd period - Shot by Trevor Lewis.
6:54 of 2nd period - Stopped by Marc-Andre Fleury without a rebound.
6:55 of 2nd period - Sean Couturier wins face-off versus Travis Konecny in Devils zone.
6:59 of 2nd period - Icing by Niklas Hjalmarsson.
7:00 of 2nd period - Nicklas Backstrom wins face-off versus Sean Couturier in Devils zone.
7:10 of 2nd period - Icing by Niklas Hjalmarsson.
7:11 of 2nd period - Jordan Staal wins face-off versus Nicklas Backstrom in Devils zone.
7:52 of 2nd period - Icing by Jordan Staal.
7:53 of 2nd period - Jordan Staal wins face-off versus Chris Kreider in Blues zone.
7:53 of 2nd period - Jordan Staal is hit by Evgeni Malkin.
8:09 of 2nd period - Shot by Chris Kreider.
8:09 of 2nd period - Shot Blocked by P.K. Subban.
8:12 of 2nd period - Icing by Seth Jones.
8:13 of 2nd period - Jack Eichel wins face-off versus Sam Reinhart in Blues zone.
8:20 of 2nd period - Shot by Seth Jones.
8:20 of 2nd period - Shot Misses the Net.
8:26 of 2nd period - Shot by Jack Eichel.
8:26 of 2nd period - Stopped by Marc-Andre Fleury without a rebound.
8:27 of 2nd period - Sean Couturier wins face-off versus T.J. Oshie in Devils zone.
8:40 of 2nd period - Shot by T.J. Oshie.
8:40 of 2nd period - Stopped by Carter Hart with a rebound.
8:50 of 2nd period - Shot by Evgeni Malkin.
8:50 of 2nd period - Stopped by Carter Hart without a rebound.
8:51 of 2nd period - Jordan Staal wins face-off versus Nicklas Backstrom in Blues zone.
9:19 of 2nd period - Jordan Staal is hit by Mikhail Sergachev and loses puck.
9:26 of 2nd period - Shot by Christian Dvorak.
9:26 of 2nd period - Shot Misses the Net.
9:54 of 2nd period - Off-side.
9:55 of 2nd period - Evgeni Malkin wins face-off versus Sean Couturier in neutral zone.
10:10 of 2nd period - Martin Necas is hit by Damon Severson and loses puck.
10:19 of 2nd period - Shot by T.J. Oshie.
10:19 of 2nd period - Deflect By Evgeni Malkin.
10:19 of 2nd period - Goal by Evgeni Malkin - Devils : 1 - Blues : 1.
10:20 of 2nd period - Sam Reinhart wins face-off versus Jack Eichel in neutral zone.
10:20 of 2nd period - Rocco Grimaldi is hit by Mikko Rantanen and loses puck.
11:22 of 2nd period - Icing by Seth Jones.
11:23 of 2nd period - Jack Eichel wins face-off versus Nicklas Backstrom in Blues zone.
11:36 of 2nd period - Ryan Pulock is hit by Travis Konecny and loses puck.
11:43 of 2nd period - Shot by Travis Konecny.
11:43 of 2nd period - Shot Misses the Net.
11:45 of 2nd period - Shot by Nicklas Backstrom.
11:45 of 2nd period - Deflect By Mike Hoffman.
11:45 of 2nd period - Stopped by Carter Hart without a rebound.
11:46 of 2nd period - Evgeni Malkin wins face-off versus Martin Necas in Blues zone.
12:37 of 2nd period - Shot by Johnny Gaudreau.
12:37 of 2nd period - Stopped by Marc-Andre Fleury without a rebound.
12:38 of 2nd period - Nicklas Backstrom wins face-off versus Christian Dvorak in Devils zone.
12:48 of 2nd period - Icing by Dougie Hamilton.
12:49 of 2nd period - Sam Reinhart wins face-off versus Christian Dvorak in Blues zone.
13:20 of 2nd period - Shot by Johnny Gaudreau.
13:20 of 2nd period - Stopped by Marc-Andre Fleury without a rebound.
13:21 of 2nd period - Jack Eichel wins face-off versus Nicklas Backstrom in Devils zone.
13:39 of 2nd period - Icing by P.K. Subban.
13:40 of 2nd period - Evgeni Malkin wins face-off versus Josh Bailey in Blues zone.
13:41 of 2nd period - Shot by T.J. Oshie.
13:41 of 2nd period - Shot Misses the Net.
13:43 of 2nd period - Shot by Evgeni Malkin.
13:43 of 2nd period - Stopped by Carter Hart without a rebound.
13:44 of 2nd period - Jordan Staal wins face-off versus T.J. Oshie in Blues zone.
14:19 of 2nd period - Dougie Hamilton is hit by T.J. Oshie and loses puck.
15:10 of 2nd period - Shot by Mike Hoffman.
15:10 of 2nd period - Stopped by Carter Hart without a rebound.
15:11 of 2nd period - Sam Reinhart wins face-off versus Sean Couturier in Blues zone.
15:30 of 2nd period - Shot by Sam Reinhart.
15:30 of 2nd period - Stopped by Carter Hart without a rebound.
15:31 of 2nd period - Jack Eichel wins face-off versus Tyler Bozak in Blues zone.
17:10 of 2nd period - Icing by Nicklas Backstrom.
17:11 of 2nd period - Christian Dvorak wins face-off versus Nicklas Backstrom in Devils zone.
17:12 of 2nd period - Shot by Johnny Gaudreau.
17:12 of 2nd period - Stopped by Marc-Andre Fleury with a rebound.
17:48 of 2nd period - Justin Schultz is hit by MacKenzie Weegar and loses puck.
18:11 of 2nd period - Shot by Mikko Rantanen.
18:11 of 2nd period - Shot Misses the Net.
18:13 of 2nd period - Shot by Jack Eichel.
18:13 of 2nd period - Deflect By Mikko Rantanen.
18:13 of 2nd period - Goal by Mikko Rantanen - Devils : 1 - Blues : 2.
18:14 of 2nd period - Sean Couturier wins face-off versus Evgeni Malkin in neutral zone.
18:25 of 2nd period - Shot by Sean Couturier.
18:25 of 2nd period - Shot Misses the Net.
18:27 of 2nd period - Shot by Ryan Pulock.
18:27 of 2nd period - Stopped by Marc-Andre Fleury without a rebound.
18:28 of 2nd period - Nicklas Backstrom wins face-off versus Jack Eichel in Devils zone.
18:51 of 2nd period - Shot by Travis Konecny.
18:51 of 2nd period - Deflect By Nicklas Backstrom.
18:51 of 2nd period - Shot Blocked by Seth Jones.
18:53 of 2nd period - Shot by Cale Makar.
18:53 of 2nd period - Shot Misses the Net.
18:55 of 2nd period - Shot by Mikhail Sergachev.
18:55 of 2nd period - Shot Misses the Net.
18:57 of 2nd period - Shot by Cale Makar.
18:57 of 2nd period - Goal by Cale Makar - Devils : 2 - Blues : 2.
18:58 of 2nd period - Jordan Staal wins face-off versus Evgeni Malkin in neutral zone.
19:29 of 2nd period - Icing by Damon Severson.
19:30 of 2nd period - Evgeni Malkin wins face-off versus Sean Couturier in Devils zone.
19:47 of 2nd period - Shot by Martin Necas.
19:47 of 2nd period - Stopped by Marc-Andre Fleury with a rebound.
Goals for this period are 2 for Devils vs 1 for Blues.
Shots for this period are 10 for Devils vs 16 for Blues.

3rd period


0:01 of 3rd period - Christian Dvorak wins face-off versus Evgeni Malkin in neutral zone.
0:19 of 3rd period - T.J. Oshie is hit by Jordan Staal and loses puck.
0:23 of 3rd period - Minor Penalty to Ryan Pulock for Hooking.
0:24 of 3rd period - Nicklas Backstrom wins face-off versus Josh Bailey in Blues zone.
1:05 of 3rd period - Icing by Mikhail Sergachev.
1:06 of 3rd period - Jordan Staal wins face-off versus Nicklas Backstrom in Devils zone.
1:33 of 3rd period - Shot by Damon Severson.
1:33 of 3rd period - Shot Blocked by P.K. Subban.
1:57 of 3rd period - Damon Severson is hit by Anthony Mantha and loses puck.
2:31 of 3rd period - Shot by Johnny Gaudreau.
2:31 of 3rd period - Stopped by Marc-Andre Fleury without a rebound.
2:32 of 3rd period - Sean Couturier wins face-off versus Sam Reinhart in Devils zone.
2:37 of 3rd period - Shot by Sean Couturier.
2:37 of 3rd period - Stopped by Marc-Andre Fleury without a rebound.
2:38 of 3rd period - Nicklas Backstrom wins face-off versus Jack Eichel in Devils zone.
2:48 of 3rd period - Shot by Josh Bailey.
2:48 of 3rd period - Stopped by Marc-Andre Fleury without a rebound.
2:49 of 3rd period - Sam Reinhart wins face-off versus Sean Couturier in Devils zone.
3:08 of 3rd period - Shot by Anthony Mantha.
3:08 of 3rd period - Deflect By Sean Couturier.
3:08 of 3rd period - Stopped by Marc-Andre Fleury without a rebound.
3:09 of 3rd period - Christian Dvorak wins face-off versus Nicklas Backstrom in Devils zone.
3:12 of 3rd period - Shot by Johnny Gaudreau.
3:12 of 3rd period - Stopped by Marc-Andre Fleury without a rebound.
3:13 of 3rd period - Evgeni Malkin wins face-off versus Jack Eichel in Devils zone.
3:20 of 3rd period - Minor Penalty to Chris Kreider for High sticking.
3:21 of 3rd period - Evgeni Malkin wins face-off versus Jack Eichel in Devils zone.
4:06 of 3rd period - Icing by Jack Eichel.
4:07 of 3rd period - Jack Eichel wins face-off versus Evgeni Malkin in Blues zone.
4:28 of 3rd period - Shot by Johnny Gaudreau.
4:28 of 3rd period - Shot Misses the Net.
4:30 of 3rd period - Shot by Josh Bailey.
4:30 of 3rd period - Stopped by Marc-Andre Fleury with a rebound.
4:32 of 3rd period - Shot by Josh Bailey.
4:32 of 3rd period - Goal by Josh Bailey - Devils : 2 - Blues : 3.
4:33 of 3rd period - Rocco Grimaldi wins face-off versus Jordan Staal in neutral zone.
4:35 of 3rd period - Off-side.
4:36 of 3rd period - Sean Couturier wins face-off versus Sam Reinhart in neutral zone.
4:40 of 3rd period - Shot by Sean Couturier.
4:40 of 3rd period - Shot Misses the Net.
5:30 of 3rd period - Mikko Rantanen is hit by Brian Boyle and loses puck.
5:43 of 3rd period - Shot by Jack Eichel.
5:43 of 3rd period - Stopped by Marc-Andre Fleury without a rebound.
5:44 of 3rd period - Christian Dvorak wins face-off versus Evgeni Malkin in Devils zone.
5:44 of 3rd period - Colin Miller is hit by Mikhail Sergachev and loses puck.
5:47 of 3rd period - Shot by Colin Miller.
5:47 of 3rd period - Shot Blocked by Cale Makar.
5:55 of 3rd period - Shot by T.J. Oshie.
5:55 of 3rd period - Shot Blocked by MacKenzie Weegar.
6:05 of 3rd period - Shot by Evgeni Malkin.
6:05 of 3rd period - Stopped by Carter Hart without a rebound.
6:06 of 3rd period - Nicklas Backstrom wins face-off versus Jack Eichel in Blues zone.
6:16 of 3rd period - Dougie Hamilton is hit by Travis Konecny and loses puck.
6:27 of 3rd period - Shot by Jack Eichel.
6:27 of 3rd period - Shot Misses the Net.
7:47 of 3rd period - Shot by Sean Couturier.
7:47 of 3rd period - Stopped by Marc-Andre Fleury without a rebound.
7:48 of 3rd period - Sean Couturier wins face-off versus Sam Reinhart in Devils zone.
7:57 of 3rd period - Shot by Martin Necas.
7:57 of 3rd period - Shot Misses the Net.
8:56 of 3rd period - Shot by Tyler Bozak.
8:56 of 3rd period - Stopped by Carter Hart without a rebound.
8:57 of 3rd period - Christian Dvorak wins face-off versus Mike Hoffman in Blues zone.
8:59 of 3rd period - Icing by Johnny Gaudreau.
9:00 of 3rd period - Nicklas Backstrom wins face-off versus Christian Dvorak in Blues zone.
9:00 of 3rd period - Mike Hoffman is hit by P.K. Subban.
9:07 of 3rd period - Travis Konecny is hit by P.K. Subban and loses puck.
9:14 of 3rd period - Shot by Travis Konecny.
9:14 of 3rd period - Deflect By Mike Hoffman.
9:14 of 3rd period - Shot Blocked by Seth Jones.
9:36 of 3rd period - Seth Jones is hit by Travis Konecny and loses puck.
10:03 of 3rd period - Shot by Chris Kreider.
10:03 of 3rd period - Shot Misses the Net.
10:05 of 3rd period - Shot by Ryan Suter.
10:05 of 3rd period - Stopped by Carter Hart without a rebound.
10:06 of 3rd period - Mikko Rantanen wins face-off versus Sam Reinhart in Blues zone.
10:18 of 3rd period - Icing by Niklas Hjalmarsson.
10:19 of 3rd period - Martin Necas wins face-off versus Sam Reinhart in Devils zone.
10:23 of 3rd period - Anthony Mantha is hit by Justin Schultz and loses puck.
10:36 of 3rd period - Shot by Sean Couturier.
10:36 of 3rd period - Shot Blocked by Niklas Hjalmarsson.
10:38 of 3rd period - Shot by Sean Couturier.
10:38 of 3rd period - Shot Misses the Net.
11:19 of 3rd period - Off-side.
11:20 of 3rd period - Jack Eichel wins face-off versus Nicklas Backstrom in neutral zone.
11:25 of 3rd period - Icing by Mikhail Sergachev.
11:26 of 3rd period - Jack Eichel wins face-off versus Nicklas Backstrom in Devils zone.
11:43 of 3rd period - Shot by Josh Bailey.
11:43 of 3rd period - Shot Misses the Net.
11:50 of 3rd period - Icing by Nicklas Backstrom.
11:51 of 3rd period - Nicklas Backstrom wins face-off versus Christian Dvorak in Devils zone.
11:51 of 3rd period - Nicklas Backstrom is hit by Christian Dvorak.
12:51 of 3rd period - Shot by Chris Kreider.
12:51 of 3rd period - Shot Misses the Net.
12:57 of 3rd period - Ryan Suter is hit by Mikko Rantanen and loses puck.
14:01 of 3rd period - Shot by Sean Couturier.
14:01 of 3rd period - Deflect By Anthony Mantha.
14:01 of 3rd period - Stopped by Marc-Andre Fleury with a rebound.
15:36 of 3rd period - Shot by Tyler Bozak.
15:36 of 3rd period - Goal by Tyler Bozak - Devils : 3 - Blues : 3.
15:37 of 3rd period - Sean Couturier wins face-off versus Sam Reinhart in neutral zone.
15:44 of 3rd period - Shot by Martin Necas.
15:44 of 3rd period - Shot Misses the Net.
15:46 of 3rd period - Shot by Martin Necas.
15:46 of 3rd period - Shot Misses the Net.
15:48 of 3rd period - Shot by MacKenzie Weegar.
15:48 of 3rd period - Stopped by Marc-Andre Fleury without a rebound.
15:49 of 3rd period - Zack Smith wins face-off versus Christian Dvorak in Devils zone.
15:49 of 3rd period - Zack Smith is hit by Jordan Staal.
16:20 of 3rd period - Icing by Seth Jones.
16:21 of 3rd period - Johnny Gaudreau wins face-off versus Sam Reinhart in Blues zone.
16:21 of 3rd period - Johnny Gaudreau is hit by Brian Boyle.
16:46 of 3rd period - Icing by Niklas Hjalmarsson.
16:47 of 3rd period - Jack Eichel wins face-off versus Sam Reinhart in Devils zone.
16:54 of 3rd period - Shot by Mikko Rantanen.
16:54 of 3rd period - Stopped by Marc-Andre Fleury without a rebound.
16:55 of 3rd period - Jack Eichel wins face-off versus Nicklas Backstrom in Devils zone.
17:28 of 3rd period - Shot by Travis Konecny.
17:28 of 3rd period - Deflect By Mike Hoffman.
17:28 of 3rd period - Stopped by Carter Hart without a rebound.
17:29 of 3rd period - Evgeni Malkin wins face-off versus Martin Necas in Blues zone.
17:38 of 3rd period - Shot by Evgeni Malkin.
17:38 of 3rd period - Stopped by Carter Hart with a rebound.
19:23 of 3rd period - Shot by Jack Eichel.
19:23 of 3rd period - Stopped by Marc-Andre Fleury without a rebound.
19:24 of 3rd period - Mikko Rantanen wins face-off versus Tyler Bozak in Devils zone.
19:24 of 3rd period - Mikko Rantanen is hit by Mikhail Sergachev.
19:26 of 3rd period - Shot by Jack Eichel.
19:26 of 3rd period - Shot Blocked by Zack Smith.
19:40 of 3rd period - Icing by Jack Eichel.
19:41 of 3rd period - Nicklas Backstrom wins face-off versus Jack Eichel in Blues zone.
Goals for this period are 1 for Devils vs 1 for Blues.
Shots for this period are 6 for Devils vs 13 for Blues.

Overtime #1


0:01 of 1st overtime period - Evgeni Malkin wins face-off versus Sean Couturier in neutral zone.
0:06 of 1st overtime period - Shot by Nicklas Backstrom.
0:06 of 1st overtime period - Stopped by Carter Hart with a rebound.
0:22 of 1st overtime period - Shot by Evgeni Malkin.
0:22 of 1st overtime period - Deflect By Nicklas Backstrom.
0:22 of 1st overtime period - Stopped by Carter Hart without a rebound.
0:23 of 1st overtime period - Sean Couturier wins face-off versus Nicklas Backstrom in Blues zone.
0:35 of 1st overtime period - Shot by Evgeni Malkin.
0:35 of 1st overtime period - Shot Misses the Net.
0:41 of 1st overtime period - Shot by Nicklas Backstrom.
0:41 of 1st overtime period - Shot Blocked by Seth Jones.
0:43 of 1st overtime period - Shot by Nicklas Backstrom.
0:43 of 1st overtime period - Goal by Nicklas Backstrom - Devils : 4 - Blues : 3.
Goals for this period are 1 for Devils vs 0 for Blues.
Shots for this period are 3 for Devils vs 0 for Blues.